 Dungeon Crawl Stone Soup version 0.24.1-11-gbbbb2193e6 (webtiles) character file.

Game seed: 11215148736152795641, levelgen mode: deterministic

290814 Gwenloh the Hoplite (level 19, -35/170 HPs)
             Began as a Minotaur Fighter on May 10, 2020.
             Was the Champion of Ru.
             Annihilated by an azure jelly (45 damage)
             ... on level 5 of the Pits of Slime on May 11, 2020.
             The game lasted 03:55:13 (52522 turns).

Gwenloh the Hoplite (Minotaur Fighter)             Turns: 52522, Time: 03:55:13

Health: -35/170    AC:  1    Str: 27    XL:     19   Next: 94%
Magic:  14/18      EV:  7    Int:  5    God:    Ru [******]
Gold:   1438       SH: 27    Dex: 18    Spells: 18/18 levels left

rFire    + . .     SeeInvis +   a - +3 demon whip (venom)
rCold    x . .     Gourm    .   N - +2 large shield
rNeg     . . .     Faith    .   n - +2 plate armour
rPois    +         Spirit   .   z - +1 hat
rElec    .         Reflect  .   D - +1 cloak
rCorr    .         Harm     .   V - +2 pair of gloves
MR       +++..     Rnd*Rage +   E - +2 pair of boots of the Assassin {Detection Stab+ Stlth++} Stlth ..........Rnd*Tele +
                                (no amulet)
HPRegen  0.38/turn              r - ring "Towummy" {Fire +Blink Dex+3 Slay+3}
MPRegen  0.16/turn              R - ring "Nauch" {rPois MR++ Str+3 SInv Stlth+}

@: corroded
A: retaliatory headbutt, horns 2, berserk 1, deformed body, deterioration 1,
screaming 1, teleportitis 1, subdued magic 2, no stealth, inability to use
devices, hated by all, inability to train dodging, no air magic, no charms
magic, no transmutations magic
}: 2/15 runes: decaying, serpentine
a: Draw Out Power, Power Leap, Apocalypse, Renounce Religion


You were on level 5 of the Pits of Slime.
You worshipped Ru.
Ru was exalted by your worship.
You were not hungry.

You visited 8 branches of the dungeon, and saw 38 of its levels.
You visited 1 bazaar.
You also visited: Ossuary.

You collected 3321 gold pieces.
You spent 1883 gold pieces at shops.

Inventory:

Hand Weapons
 a - a +3 demon whip of venom (weapon)
 b - the +1 hunting sling of the Enchanted Forest {freeze, +Fly rN+ Dex+3}
   (You found it on level 8 of the Dungeon)

   It causes projectiles fired from it to freeze those they strike, causing
   extra injury to most foes and up to half again as much damage against
   particularly susceptible opponents.
   They can also slow down cold-blooded creatures.
   It affects your dexterity (+3).
   It protects you from negative energy.
   It lets you fly.
 C - the +7 morningstar of Saicoip {drain, rElec Int+5}
   (You took it off a meliai on level 15 of the Dungeon)

   A truly terrible weapon, it drains the life of those it strikes.
   It affects your intelligence (+5).
   It insulates you from electricity.
 L - a +2 eveningstar of flaming
Missiles
 e - 741 stones
 l - 20 boomerangs (quivered)
 v - 138 sling bullets
 T - 5 boomerangs of dispersal
Armour
 n - a +2 plate armour (worn)
 z - a +1 hat (worn)
 D - a +1 cloak (worn)
 E - the +2 pair of boots of the Assassin (worn) {Detection Stab+ Stlth++}
   (You acquired it on level 4 of the Swamp)

   It makes you much more stealthy.
 N - a +2 large shield (worn)
 V - a +2 pair of gloves (worn)
Jewellery
 d - an uncursed ring of protection from fire
 j - a +3 ring of protection
 k - an uncursed ring of protection from fire
 o - an uncursed ring of ice
 r - the ring "Towummy" (left hand) {Fire +Blink Dex+3 Slay+3}
   (You found it on level 2 of the Swamp)

   [ring of fire]

   It enhances your fire magic.
   It affects your dexterity (+3).
   It affects your accuracy and damage with ranged weapons and melee attacks
   (+3).
   It protects you from fire.
   It makes you vulnerable to cold.
   It lets you blink.
 H - a +2 ring of dexterity
 R - the ring "Nauch" (right hand) {rPois MR++ Str+3 SInv Stlth+}
   (You bought it in a shop on level 2 of the Orcish Mines)

   [ring of strength]

   It affects your strength (+3).
   It protects you from poison.
   It affects your resistance to hostile enchantments.
   It lets you see invisible.
   It makes you more stealthy.
 Z - a +3 ring of strength
Scrolls
 g - 7 scrolls of immolation
 h - 6 scrolls of noise
 s - 8 scrolls of fog
 x - 2 scrolls of vulnerability
 A - 15 scrolls of remove curse
 G - 6 scrolls of blinking
 I - 4 scrolls of identify
 K - 2 scrolls of holy word
 M - 10 scrolls of magic mapping
 O - 6 scrolls of fear
 P - a scroll of amnesia
 S - 12 scrolls of teleportation
 W - 2 scrolls of silence
Potions
 i - 3 potions of magic
 m - 7 potions of degeneration
 p - 2 potions of brilliance
 q - 3 potions of cancellation
 t - 3 potions of haste
 u - 2 potions of flight
 w - 9 potions of curing
 y - a potion of might
 B - 4 potions of lignification
 F - 2 potions of agility
 J - 3 potions of ambrosia
 Q - a potion of resistance
 U - 3 potions of heal wounds
 X - a potion of berserk rage
 Y - 5 potions of mutation
Comestibles
 f - 36 rations


   Skills:
 - Level 15.4 Fighting
 - Level 20.4 Maces & Flails
 - Level 17.3 Slings
 - Level 15.5 Armour
 + Level 22.2 Shields


You had 18 spell levels left.
You didn't know any spells.
Your spell library contained the following spells:

 Spells                   Type           Power        Failure   Level  Hunger
 Magic Dart               Conj           #...         99%         1    ##.....
 Sandblast                Erth           #.....       99%         1    ##.....
 Sting                    Conj/Pois      #...         99%         1    ##.....
 Blink                    Tloc           N/A          99%         2    ###....
 Searing Ray              Conj           #.....       99%         2    ###....
 Slow                     Hex            #.......     99%         2    ###....
 Conjure Flame            Conj/Fire      #.......     100%        3    ####...
 Dazzling Spray           Conj/Hex       #.....       100%        3    ####...
 Stone Arrow              Conj/Erth      #.....       100%        3    ####...
 Force Lance              Conj/Tloc      #.......     100%        4    #####..
 Fulminant Prism          Conj/Hex       #.........   100%        4    #####..
 Iskenderun's Mystic Bla  Conj           #.......     100%        4    #####..
 Olgreb's Toxic Radiance  Pois           #.......     100%        4    #####..
 Lee's Rapid Deconstruct  Erth           #.........   100%        5    ######.
 Venom Bolt               Conj/Pois      #.........   100%        5    ######.
 Call Imp                 Summ           Unusable     N/A         2    N/A
 Passwall                 Tmut/Erth      Unusable     N/A         2    N/A
 Poisonous Vapours        Pois/Air       Unusable     N/A         2    N/A
 Mephitic Cloud           Conj/Pois/Air  Unusable     N/A         3    N/A
 Petrify                  Tmut/Erth      Unusable     N/A         4    N/A
 Summon Lightning Spire   Summ/Air       Unusable     N/A         4    N/A
 Summon Forest            Summ/Tloc      Unusable     N/A         5    N/A
 Statue Form              Tmut/Erth      Unusable     N/A         6    N/A
 Spellforged Servitor     Conj/Summ      Unusable     N/A         7    N/A

Dungeon Overview and Level Annotations

Branches:
Dungeon (15/15)            Temple (1/1) D:5            Lair (6/6) D:8
  Swamp (4/4) Lair:4        Snake (4/4) Lair:4        Slime (5/5) Lair:6
    Orc (2/2) D:10            Elf (1/3) Orc:2        Vaults (0/5) D:13
 Depths (0/5) D:15        Ossuary (visited)

Altars:
Ashenzari
Cheibriados
Dithmenos
Elyvilon
Fedhas
Gozag
Hepliaklqana
Kikubaaqudgha
Nemelex Xobeh
Okawaru
Qazlal
Ru
Sif Muna
Trog
Uskayaw
Vehumet
Wu Jian
Xom
Yredelemnul
The Shining One
Jiyva

Shops:
D:11 %![   Orc:1 *   Orc:2 =!*:   Elf:1 (   Snake:1 ?:?(

Annotations:
Lair:2 exclusion: 3 oklob plants
Lair:3 1 runed translucent door, Jathastry's ghost, journeyman MiBe
Snake:3 3 runed translucent doors, Vojta's ghost, adept DrAr
Slime:5 Royal Jelly


Innate Abilities, Weirdness & Mutations

You reflexively headbutt those who attack you in melee.
You have a pair of horns on your head.
You occasionally shout uncontrollably at your foes.
You cannot be stealthy.
You cannot study or use magical devices.
You are hated by all.
You cannot train Dodging skill.
You cannot study or cast Air magic.
You cannot study or cast Charms magic.
You cannot study or cast Transmutations magic.
You tend to lose your temper in combat.
Armour fits poorly on your strangely shaped body.
Your body sometimes deteriorates upon taking damage.
You are occasionally teleported next to monsters.
Your spells are easier to cast, but less powerful.


Message History

You feel a terrible chill!
* * * LOW HITPOINT WARNING * * *
You focus your will and illuminate the azure jelly in retribution!
The azure jelly hits you!
* * * LOW HITPOINT WARNING * * *
You block the azure jelly's attack.
You feel better. You block the azure jelly's attack.
The azure jelly barely misses you. You block the azure jelly's attack. x2
The eye of draining gazes at you.
You feel your power leaking away. The azure jelly hits you.
* * * LOW HITPOINT WARNING * * *
The azure jelly freezes you!!
You feel a terrible chill!
* * * LOW HITPOINT WARNING * * *
You block the azure jelly's attack. x2; The azure jelly hits you.
* * * LOW HITPOINT WARNING * * *
The azure jelly hits you.
* * * LOW HITPOINT WARNING * * *
The azure jelly freezes you!!!
You feel a terrible chill!
You die...

..............### #
................## #.
.................## #.
..................# #
..................#### .#
#.#..................###(#..
##.....................(....
#....................(.....
#..............@J...(......
#..................(.......
####..............J....G...
#........................
###......................
###....................
###..................
#.#................
#.#................


You could see an azure jelly and a slime creature.

Vanquished Creatures
  Vashnia (Snake:3)
  Rupert (Snake:1)
  Asterion (Snake:1)
  13 acid blobs
  Kirke (D:15)
  8 nagarajas (Snake:4)
  2 tengu reavers (D:15)
  Donald (Orc:2)
  Roxanne (Snake:4)
  4 thorn hunters
  9 azure jellies
  Aizul (Snake:4)
  An orc warlord (Orc:1)
  A deep elf sorcerer (Elf:1)
  Louise (Snake:3)
  Azrael (Orc:2)
  2 ettins
  Josephine (Lair:5)
  A death ooze (Slime:5)
  Erolcha (D:12)
  3 great orbs of eyes
  2 ogre magi (D:15)
  A rakshasa (D:15)
  11 naga warriors
  2 ghost crabs
  A catoblepas (D:15)
  A vault guard (D:13)
  Harold (Lair:2)
  A merfolk avatar (Lair:6)
  5 centaur warriors
  28 hydras
  Erica (D:9)
  9 two-headed ogres
  A death knight (D:15)
  17 alligators
  16 anacondas
  2 dancing weapons (Elf:1)
  A tengu warrior (D:15)
  3 death yaks (D:7)
  3 spriggans
  19 naga sharpshooters
  Nergalle (Lair:2)
  8 shock serpents
  Sonja (Lair:5)
  6 salamander mystics
  2 deep elf knights
  5 skeletal warriors (D:13)
  A fire crab (shapeshifter) (D:15)
  A shadow wraith (D:15)
  A spriggan druid (Swamp:4)
  3 unseen horrors
  A hell knight (D:15)
  3 sea snakes (Snake:2)
  A glowing orange brain (Slime:3)
  9 swamp dragons
  11 naga ritualists
  Pikel (D:9)
  4 lindwurms (Snake:4)
  4 deep elf archers
  A wolf spider zombie (D:15)
  18 mana vipers
  3 orc knights
  An orc sorcerer (Orc:1)
  A wolf spider (D:15)
  An orb spider (shapeshifter) (D:15)
  2 harpies
  17 deep elf magi
  7 ugly things
  5 shining eyes
  9 manticores
  14 salamanders
  9 cyclopes
  52 black mambas
  13 elephants
  14 naga magi
  3 eyes of devastation
  7 guardian serpents
  2 gargoyles
  A torpor snail (shapeshifter) (Elf:1)
  Psyche (D:9)
  5 centaur skeletons
  A torpor snail (Lair:6)
  5 rime drakes
  18 spiny frogs
  11 komodo dragons
  A kobold demonologist (D:15)
  An efreet (D:15)
  A freezing wraith (D:14)
  3 tengu conjurers (D:15)
  A wind drake (Lair:6)
  2 polar bears (Lair:6)
  10 tyrant leeches
  A hornet (shapeshifter) (D:15)
  46 slime creatures
  4 meliai (D:15)
  A polar bear (shapeshifter) (D:13)
  7 trolls
  A wind drake (shapeshifter) (D:15)
  8 bog bodies
  8 hornets
  A blink frog (shapeshifter) (D:15)
  11 blink frogs
  11 hippogriffs
  6 dream sheep (Lair:4)
  A meliai zombie (D:15)
  Sigmund (D:5)
  3 shadows
  A centaur simulacrum (D:15)
  68 yaks
  An air elemental (Elf:1)
  7 fire elementals
  A redback (D:15)
  5 wyverns
  6 wraiths
  7 golden eyes
  Grum (D:10)
  2 basilisks
  A human (D:15)
  3 hogs (D:15)
  23 vampire mosquitoes
  3 hungry ghosts
  17 swamp worms
  41 nagas
  4 wargs
  Menkaure (D:7)
  22 insubstantial wisps
  An acid dragon (D:15)
  A soldier ant (D:10)
  3 hell hounds
  12 water moccasins
  15 porcupines
  14 swamp drakes
  A floating eye (Slime:3)
  5 sky beasts
  2 phantoms
  37 orc warriors
  5 black bears
  7 ice beasts
  A necrophage (D:8)
  An ogre (shapeshifter) (D:15)
  A boggart (D:15)
  5 eyes of draining
  13 ogres
  16 wolves
  10 crocodiles
  18 centaurs
  6 big kobolds
  26 bullfrogs
  2 gnoll sergeants
  15 scorpions
  2 wyvern skeletons
  19 wights
  12 killer bees
  5 electric eels
  3 howler monkeys (D:7)
  8 crimson imps
  6 centaur zombies
  A bullfrog zombie (D:12)
  A quasit (D:10)
  6 orc priests
  8 hounds
  A hound (shapeshifter) (D:15)
  3 human zombies (Ossuary)
  3 bullfrog skeletons
  2 jellies
  18 orc wizards
  6 iguanas
  2 hell rats (D:8)
  13 worker ants
  A big kobold zombie (Ossuary)
  3 hound zombies
  3 mummies (Ossuary)
  A worker ant zombie (D:6)
  15 gnolls
  5 scorpion zombies (Ossuary)
  8 adders
  2 river rats (D:8)
  3 shadow imps
  An ooze (D:2)
  2 adder zombies
  2 adder skeletons
  2 worms (D:3)
  A dart slug (D:2)
  7 leopard geckos
  80 orcs
  4 giant cockroaches
  2 gnoll zombies (Ossuary)
  5 hobgoblins
  11 jackals
  8 quokkas
  A ball python (D:2)
  8 bats
  7 frilled lizards
  3 goblins
  A goblin zombie (Ossuary)
  2 jackal skeletons
  26 kobolds
  2 kobold zombies (Ossuary)
  2 leopard gecko skeletons (D:5)
  An orc zombie (Ossuary)
  7 rats
  A briar patch (Swamp:3)
  3 fungi
  9 plants
1382 creatures vanquished.

Vanquished Creatures (others)
  A naga warrior (Snake:4)
  A sea snake (Snake:2)
  A deep elf archer (Elf:1)
  A manticore (D:15)
  An elephant (Lair:6)
  A naga mage (Snake:4)
  2 spiny frogs (Lair:6)
  A yaktaur (D:15)
  2 komodo dragons (Lair:6)
  3 shadows (D:15)
  A wyvern (Lair:6)
  3 yaks
  A vampire mosquito (Swamp:1)
  A water moccasin (Lair:3)
  A porcupine (Lair:4)
  An eye of draining (Slime:2)
  An orc warrior (Orc:2)
  A scorpion (Ossuary)
  A crimson imp (D:12)
  3 orcs (Orc:2)
  A kobold zombie (Ossuary)
  An orc zombie (Ossuary)
  2 briar patches (Swamp:3)
  11 fungi
  22 plants
65 creatures vanquished.

Grand Total: 1447 creatures vanquished

Notes
Turn   | Place    | Note
-------+----------+-------------------------------------------
     0 | D:1      | Gwenloh the Minotaur Fighter began the quest for the Orb.
     0 | D:1      | Reached XP level 1. HP: 19/19 MP: 0/0
   168 | D:1      | Reached XP level 2. HP: 26/27 MP: 1/1
  1007 | D:2      | Found a shimmering blue altar of Sif Muna.
  1123 | D:2      | Reached XP level 3. HP: 33/33 MP: 2/2
  1300 | D:2      | Reached skill level 1 in Dodging
  1300 | D:2      | Reached skill level 4 in Shields
  1946 | D:3      | Found a shadowy altar of Dithmenos.
  1972 | D:3      | Reached XP level 4. HP: 38/40 MP: 3/3
  2021 | D:3      | Found an ornate altar of the Wu Jian Council.
  2091 | D:3      | Found a bloodstained altar of Trog.
  2775 | D:4      | Noticed a sky beast
  2788 | D:4      | Reached XP level 5. HP: 17/46 MP: 4/4
  2789 | D:4      | Killed a sky beast
  3058 | D:4      | You fall into a shaft and drop 3 floors!
  3064 | D:7      | Reached XP level 6. HP: 53/53 MP: 5/5
  3135 | D:7      | Reached skill level 5 in Maces & Flails
  3138 | D:7      | Reached skill level 5 in Shields
  3140 | D:7      | Reached skill level 5 in Armour
  3357 | D:7      | Reached skill level 5 in Fighting
  3381 | D:7      | Reached XP level 7. HP: 13/61 MP: 6/6
  3713 | D:7      | Reached XP level 8. HP: 70/70 MP: 7/7
  3846 | D:7      | Noticed a hippogriff
  3857 | D:7      | Killed a hippogriff
  3857 | D:7      | Reached skill level 6 in Shields
  3866 | D:7      | Noticed Menkaure
  3877 | D:7      | Noticed a hippogriff
  3891 | D:7      | Killed a hippogriff
  3957 | D:7      | Killed Menkaure
  4135 | D:6      | Found a sand-covered staircase.
  4142 | Ossuary  | Entered an ossuary
  4361 | Ossuary  | Reached skill level 5 in Dodging
  4429 | Ossuary  | Reached XP level 9. HP: 62/78 MP: 8/8
  4606 | Ossuary  | Reached skill level 7 in Shields
  4731 | D:5      | Entered Level 5 of the Dungeon
  4734 | D:5      | Found a staircase to the Ecumenical Temple.
  4739 | Temple   | Entered the Ecumenical Temple
  4818 | Temple   | Became a worshipper of Ru the Awakened
  5185 | D:5      | Found a radiant altar of Vehumet.
  5276 | D:5      | Found a snail-covered altar of Cheibriados.
  5454 | D:5      | Found a shimmering altar of Xom.
  5474 | D:5      | Noticed Sigmund
  5482 | D:5      | Killed Sigmund
  5822 | D:5      | Found a shimmering altar of Xom.
  5823 | D:5      | Found a shimmering altar of Xom.
  5824 | D:5      | Found a shimmering altar of Xom.
  5824 | D:5      | Found a shimmering altar of Xom.
  5985 | D:6      | Reached skill level 10 in Maces & Flails
  6313 | D:6      | Gained mutation: You cannot train Dodging skill. [Ru
                  | sacrifice]
  6313 | D:6      | Reached * piety under Ru
  6593 | D:7      | Reached XP level 10. HP: 86/88 MP: 9/9
  6641 | D:7      | Reached skill level 8 in Shields
  7996 | D:8      | Reached skill level 1 in Slings
  8018 | D:8      | Found a staircase to the Lair.
  8019 | D:8      | Noticed a death yak
  8019 | D:8      | Noticed a death yak
  8063 | D:7      | Killed a death yak
  8354 | D:8      | Noticed a death yak
  8365 | D:7      | Killed a death yak
  8617 | D:7      | Killed a death yak
  9365 | D:8      | Got a translucent hunting sling
  9366 | D:8      | Identified the cursed +1 hunting sling of the Enchanted
                  | Forest {freeze, +Fly rN+ Dex+3} (You found it on level 8 of
                  | the Dungeon)
  9725 | D:8      | Reached skill level 9 in Shields
  9725 | D:8      | Reached XP level 11. HP: 91/95 MP: 10/10
  9957 | Lair:1   | Entered Level 1 of the Lair of Beasts
  9967 | Lair:1   | Reached skill level 5 in Slings
  9973 | Lair:1   | Found an ornate altar of the Wu Jian Council.
 10405 | Lair:1   | Gained mutation: You cannot study or cast Air magic. [Ru
                  | sacrifice]
 10405 | Lair:1   | Gained mutation: You cannot study or cast Transmutations
                  | magic. [Ru sacrifice]
 10405 | Lair:1   | Gained mutation: You cannot study or cast Charms magic. [Ru
                  | sacrifice]
 10405 | Lair:1   | Reached ** piety under Ru
 10656 | Lair:1   | Noticed an eight-headed hydra
 10667 | Lair:1   | Killed an eight-headed hydra
 11575 | Lair:2   | Noticed Harold
 11591 | Lair:2   | Killed Harold
 12101 | Lair:2   | Noticed an oklob plant
 12115 | Lair:2   | Noticed Nergalle
 12141 | Lair:2   | Killed Nergalle
 12754 | Lair:2   | Noticed an oklob plant
 12754 | Lair:2   | Noticed an oklob plant
 12816 | Lair:3   | Gained mutation: You cannot study or use magical devices.
                  | [Ru sacrifice]
 12816 | Lair:3   | Reached *** piety under Ru
 12816 | Lair:3   | Reached **** piety under Ru
 12816 | Lair:3   | Reached ***** piety under Ru
 13274 | Lair:3   | Reached skill level 10 in Armour
 13337 | Lair:3   | Reached skill level 10 in Shields
 13392 | Lair:3   | Noticed a seven-headed hydra
 13406 | Lair:3   | Killed a seven-headed hydra
 13406 | Lair:3   | Reached skill level 10 in Fighting
 13406 | Lair:3   | Reached XP level 12. HP: 72/106 MP: 11/11
 14196 | Lair:3   | Found a runed translucent door.
 14197 | Lair:3   | Found a shimmering altar of Xom.
 14197 | Lair:3   | Noticed Jathastry's ghost (journeyman MiBe)
 14542 | Lair:4   | Noticed an eight-headed hydra
 14736 | Lair:4   | Killed an eight-headed hydra
 15406 | Lair:4   | Found a staircase to the Snake Pit.
 16208 | Lair:4   | Found a staircase to the Swamp.
 16530 | Lair:5   | Noticed Sonja
 16534 | Lair:5   | Killed Sonja
 17139 | Lair:5   | Reached skill level 11 in Shields
 17170 | Lair:5   | Noticed Josephine
 17183 | Lair:5   | Killed Josephine
 17183 | Lair:5   | Reached XP level 13. HP: 112/115 MP: 12/12
 17189 | Lair:5   | Reached skill level 10 in Slings
 17787 | Lair:6   | Entered Level 6 of the Lair of Beasts
 18576 | Lair:5   | Reached skill level 15 in Maces & Flails
 18958 | Lair:6   | Got a ripped robe
 19279 | Lair:6   | Found a viscous altar of Jiyva.
 19279 | Lair:6   | Found a staircase to the Slime Pits.
 20356 | D:9      | Found a hide-covered altar of Uskayaw.
 20544 | D:9      | Reached XP level 14. HP: 125/125 MP: 13/13
 20584 | D:9      | Found a glowing golden altar of the Shining One.
 20664 | D:9      | Noticed Erica
 20709 | D:9      | Killed Erica
 20770 | D:9      | Found a blossoming altar of Fedhas.
 20821 | D:9      | Noticed Psyche
 20833 | D:9      | Killed Psyche
 20927 | D:9      | Noticed Pikel
 20932 | D:9      | Killed Pikel
 20932 | D:9      | Reached skill level 12 in Shields
 21014 | D:9      | Found a hazy altar of Hepliaklqana.
 21057 | D:9      | Found a basalt altar of Yredelemnul.
 21210 | D:10     | Entered Level 10 of the Dungeon
 21285 | D:10     | Noticed Grum
 21304 | D:10     | Killed Grum
 21766 | D:10     | Found a staircase to the Orcish Mines.
 21910 | D:10     | Gained mutation: You are hated by all. [Ru sacrifice]
 22167 | Orc:1    | Entered Level 1 of the Orcish Mines
 22406 | Orc:2    | Entered Level 2 of the Orcish Mines
 22414 | Orc:2    | Noticed an orc warlord
 22495 | Orc:1    | Killed an orc warlord
 22889 | Orc:2    | Found a staircase to the Elven Halls.
 23043 | Orc:2    | Noticed Donald
 23059 | Orc:2    | Killed Donald
 23603 | Orc:2    | Noticed Azrael
 23629 | Orc:2    | Killed Azrael
 24256 | Orc:2    | Found Toiwnanul's Distillery.
 24256 | Orc:2    | Found Jopti's General Store.
 24270 | Orc:2    | Found Taofyurgh's Book Emporium.
 24272 | Orc:2    | Found Munoizxa's Jewellery Boutique.
 24385 | Orc:2    | Bought a potion of curing for 30 gold pieces
 24385 | Orc:2    | Bought a potion of curing for 30 gold pieces
 24388 | Orc:2    | Bought a scroll of brand weapon for 260 gold pieces
 24664 | Orc:2    | Gained mutation: You occasionally shout uncontrollably at
                  | your foes. [Ru sacrifice]
 24694 | Orc:2    | Bought the ring "Nauch" {rPois MR++ Str+3 SInv Stlth+} for
                  | 549 gold pieces
 25048 | Orc:1    | Found Nuux's Assorted Antiques.
 25925 | D:11     | Found Itugeloj's Distillery.
 25933 | D:11     | Bought 2 potions of curing for 102 gold pieces
 25933 | D:11     | Bought a potion of curing for 51 gold pieces
 26052 | D:11     | Found Ogeorche's Food Shop.
 26224 | D:11     | Found Lehud's Armour Shoppe.
 26526 | D:12     | Found a stormy altar of Qazlal.
 26780 | D:12     | Gained mutation: You cannot be stealthy. [Ru sacrifice]
 26780 | D:12     | Reached ****** piety under Ru
 27069 | D:12     | Noticed Erolcha
 27093 | D:12     | Killed Erolcha
 27664 | D:13     | Reached XP level 15. HP: 134/134 MP: 14/14
 28648 | D:13     | Reached skill level 13 in Shields
 28693 | D:13     | Found a gate to the Vaults.
 28782 | D:14     | Found a stormy altar of Qazlal.
 29263 | D:14     | Found a hide-covered altar of Uskayaw.
 29565 | D:15     | Entered Level 15 of the Dungeon
 29691 | D:15     | Found a shimmering altar of Xom.
 29692 | D:15     | Found a shattered altar of Ashenzari.
 29692 | D:15     | Found a shimmering blue altar of Sif Muna.
 30159 | D:15     | Found a staircase to the Depths.
 30375 | D:15     | Noticed a tengu reaver
 30406 | D:15     | Killed a tengu reaver
 31053 | D:15     | Noticed Kirke
 31069 | D:15     | Killed Kirke
 31069 | D:15     | Reached XP level 16. HP: 134/144 MP: 15/15
 31124 | D:15     | Noticed a tengu reaver
 31146 | D:15     | Killed a tengu reaver
 31600 | D:15     | Identified the +7 morningstar of Saicoip {drain, rElec
                  | Int+5}
 32269 | Swamp:1  | Entered Level 1 of the Swamp
 32395 | Swamp:1  | Reached skill level 15 in Slings
 32534 | Swamp:1  | Reached skill level 14 in Shields
 33152 | Snake:1  | Entered Level 1 of the Snake Pit
 33152 | Snake:1  | Found Xolig's Weapon Shoppe.
 33301 | Snake:1  | Found Omufo Rot's Magic Scroll Shop.
 33324 | Snake:1  | Noticed Asterion
 33330 | Snake:1  | Noticed Rupert
 33341 | Snake:1  | Killed Rupert
 33351 | Snake:1  | Killed Asterion
 33375 | Snake:1  | Found Tetizxic's Book Shop.
 33382 | Snake:1  | Found Wuolluol's Magic Scroll Emporium.
 33406 | Snake:1  | Found a flickering gateway to a bazaar.
 33412 | Bazaar   | Entered a bazaar
 33726 | Bazaar   | Found Ujymibuh's Gadget Shop.
 33742 | Bazaar   | Found Hiar's Antique Armour Shop.
 33999 | Snake:1  | Bought a scroll of identify for 28 gold pieces
 33999 | Snake:1  | Bought a scroll of enchant armour for 105 gold pieces
 33999 | Snake:1  | Bought a scroll of magic mapping for 49 gold pieces
 34039 | Snake:1  | Bought a scroll of blinking for 127 gold pieces
 34105 | Snake:1  | Bought 12 sling bullets for 66 gold pieces
 34483 | Slime:1  | Entered Level 1 of the Pits of Slime
 35498 | Slime:1  | HP: 5/147 [acid (19)]
 36310 | Elf:1    | Entered Level 1 of the Elven Halls
 36599 | Elf:1    | Reached XP level 17. HP: 80/154 MP: 16/16
 37036 | Elf:1    | Identified the Grimoire of Companions
 37575 | Elf:1    | Found Wyugaugg's Antique Weapon Shop.
 37583 | Elf:1    | Bought a runed demon whip for 486 gold pieces
 38853 | Swamp:2  | Got a clouded silver ring
 38855 | Swamp:2  | Identified the ring "Towummy" {Fire +Blink Dex+3 Slay+3}
                  | (You found it on level 2 of the Swamp)
 41004 | Snake:3  | Noticed Louise
 41191 | Snake:3  | Reached skill level 15 in Armour
 41202 | Snake:3  | Reached skill level 15 in Shields
 41392 | Snake:3  | Found a runed translucent gate.
 41394 | Snake:3  | Found a runed translucent gate.
 41395 | Snake:3  | Found a runed translucent gate.
 42268 | Swamp:3  | Reached skill level 15 in Fighting
 43032 | Swamp:4  | Entered Level 4 of the Swamp
 43276 | Swamp:4  | Reached XP level 18. HP: 118/163 MP: 17/17
 43648 | Swamp:4  | Got a decaying rune of Zot
 44381 | Swamp:4  | Identified a scroll of acquirement
 44384 | Swamp:4  | Found the +2 pair of boots of the Assassin {Detection Stab+
                  | Stlth++}
 44671 | Snake:3  | Killed Louise
 44704 | Snake:3  | Noticed Vojta's ghost (adept DrAr)
 44761 | Snake:3  | Noticed Vashnia
 44791 | Snake:3  | Killed Vashnia
 44811 | Snake:3  | Reached skill level 16 in Shields
 45326 | Snake:4  | Entered Level 4 of the Snake Pit
 45708 | Snake:4  | Noticed Aizul
 45736 | Snake:4  | Killed Aizul
 45777 | Snake:4  | Reached skill level 17 in Shields
 46346 | Snake:4  | Reached skill level 18 in Shields
 46541 | Snake:4  | Identified Roxanne's Tome of the Rocks
 46541 | Snake:4  | Noticed Roxanne
 46860 | Snake:4  | Killed Roxanne
 47492 | Snake:4  | Reached XP level 19. HP: 126/170 MP: 18/18
 47722 | Snake:4  | Reached skill level 19 in Shields
 48099 | Snake:4  | Reached skill level 20 in Shields
 48389 | Snake:4  | Got a serpentine rune of Zot
 49199 | Slime:2  | Gained mutation: Your spells are a little easier to cast,
                  | but a little less powerful. [a shining eye]
 49210 | Slime:2  | Gained mutation: You tend to lose your temper in combat. [a
                  | shining eye]
 49218 | Slime:2  | Gained mutation: Your body sometimes deteriorates upon
                  | taking damage. [a shining eye]
 49635 | Slime:3  | Reached skill level 21 in Shields
 50018 | Slime:4  | Gained mutation: You are occasionally teleported next to
                  | monsters. [a shining eye]
 50117 | Slime:3  | Gained mutation: Your spells are easier to cast, but less
                  | powerful. [a shining eye]
 50119 | Slime:3  | Gained mutation: Armour fits poorly on your strangely
                  | shaped body. [a shining eye]
 50590 | Slime:5  | Entered Level 5 of the Pits of Slime
 51668 | Slime:5  | Noticed the Royal Jelly
 52310 | Slime:5  | Reached skill level 22 in Shields
 52522 | Slime:5  | Annihilated by an azure jelly

Levels and vault maps discovered:
D:1:      matt_arrival_spirals, layout_basic, kennysheep_minor_cross
D:2:      layout_loops_corners, nicolae_overflow_hidden_temple
D:3:      layout_rooms, nicolae_overflow_crystal_walls, lemuel_round_altar,
          lightli_temple_of_fire, minmay_misc_feat_pillars
D:4:      layout_cave_pods, zin_scriptorium, makhleb_blood_cavern_becter,
          uniq_grinder
D:5:      layout_loops_ring, lemuel_round_altar,
          minmay_temple_entry_from_below_a, basic_altar, first_ration,
          xom_redecorated, uniq_sigmund
D:6:      layout_cave_pools, enter_ossuary_1, serial_column_ruins,
          column_ruins_hut, column_ruins_open_tiny, column_ruins_open_tiny,
          column_ruins_open_small, column_ruins_columns_corner
D:7:      layout_layer_cave, uniq_menkaure
D:8:      layout_loops_ring, dpeg_lair_monsters, blue_anna_alchemist
          [blue_anna_fruit_fields, blue_anna_fruit_fields]
D:9:      layout_roguey, kennysheep_mini_moat, kennysheep_little_box,
          marbit_many_paths, lemuel_round_altar, tso_oasis_becter, uniq_pikel,
          uniq_erica, uniq_psyche
D:10:     layout_rooms, hiddenorc1_lemuel, uniq_grum
D:11:     layout_basic, serial_shops, shop_statue, nicolae_shop_trees, shop,
          kennysheep_generic_room_7
D:12:     layout_basic, basic_altar, minmay_crystal_water, grunt_ministairs_2,
          minmay_misc_feat_columns, uniq_erolcha
D:13:     layout_roguey, david_vaults_5
D:14:     layout_roguey, basic_altar, st_stairs_10, minmay_misc_feat_nine_boxes,
          grunt_qazlal_sundering
D:15:     hangedman_slaughterboxes, serial_shops, uniq_kirke
Temple:   eino_temple_lava
Lair:1:   layout_chaotic_city, basic_altar, lemuel_fruit_fields,
          grunt_megastairs_4
Lair:2:   layout_chaotic_city, chequers_serial_rivers_micro_a,
          beast_lair_carwin_1, grunt_megastairs_1, minmay_lair_oklob_chamber,
          uniq_nergalle, uniq_harold
Lair:3:   layout_roguey, ebering_ghost_xom, lemuel_fruit_tree,
          serial_bayou_shore_b, serial_bayou_shore_a
Lair:4:   layout_long_grid, palyth_hydra_swamp_entry, dummy_snake_entry
Lair:5:   layout_regular_city, uniq_sonja, uniq_josephine
Lair:6:   gammafunk_lair_ancient_temple, layout_loops_ring, slime_altar_1,
          nicolae_quartered_pool_little
Swamp:1:  layout_basic_swamp, nicolae_swamp_round_clearing
Swamp:2:  layout_falls_marsh, serial_swamp_ruin, evilmike_swamp_ruin_rubble_1,
          evilmike_swamp_ruin_house_1
Swamp:3:  layout_basic_swamp, evilmike_swamp_ruin_house_3, swamp_pool5
Swamp:4:  swamp_alternative, layout_basic_swamp
Snake:1:  layout_cave_shapes, serial_shops, freezing_bzr, shop_fountains, shop,
          shop, nicolae_shop_temple_entry_statues_fountains, st_stairs_5,
          uniq_rupert, uniq_asterion
Snake:2:  layout_cave_pods, serial_bayou_lake_a
Snake:3:  layout_rooms, gammafunk_ghost_necromancy, drop_trap,
          hangedman_snake_wide_pillar_pass, nicolae_large_snake_swirl,
          uniq_louise, uniq_vashnia
Snake:4:  snake_pit_salamanders_mu, layout_cave_town, st_stairs_5, uniq_aizul,
          uniq_roxanne
Slime:1:  layout_caves
Slime:2:  layout_caves, nicolae_slime_barrier
Slime:3:  layout_caves
Slime:4:  layout_caves
Slime:5
Orc:1:    layout_diamond_mine, serial_shops, shop
Orc:2:    st_orc_rangers, layout_diamond_mine, uniq_donald, uniq_azrael
Elf:1:    layout_loops_corners, serial_shops,
          nicolae_shop_temple_entry_statues_fountains, minmay_elf_demonology,
          solitary_fountain

Skill      XL: |  1  2  3  4  5  6  7  8  9 10 11 12 13 14 15 16 17 18 19 |
---------------+----------------------------------------------------------+-----
Maces & Flails | 3 4 5 6 8 10 11 13 14 15 16 18 19 20 | 20.4
Dodging        | 1 2 3 5 0 |  0.0
Shields        | 4 5 6 7 9 10 11 12 13 14 15 18 22 | 22.2
Fighting       | 4 5 6 7 8 10 11 12 13 14 15 | 15.4
Armour         | 4 5 6 7 9 10 11 12 13 14 15 | 15.5
Slings         | 4 7 9 11 13 14 15 17 | 17.3

Action                   |  1- 3 |  4- 6 |  7- 9 | 10-12 | 13-15 | 16-18 | 19-21 || total
-------------------------+-------+-------+-------+-------+-------+-------+-------++-------
Melee: Flail             |    80 |    88 |   295 |   544 |       |       |       ||  1007
       Headbutt          |     9 |    16 |    83 |   160 |   382 |   384 |   159 ||  1193
       Morningstar       |       |       |       |   105 |  1356 |   389 |       ||  1850
       Demon whip        |       |       |       |       |       |   918 |   392 ||  1310
 Fire: Hunting sling     |       |       |       |   315 |   844 |   638 |    40 ||  1837
Throw: Stone             |    12 |       |       |       |    28 |       |       ||    40
       Boomerang         |    59 |    45 |   132 |    53 |   125 |   213 |   206 ||   833
       Dart              |       |       |     4 |       |       |       |       ||     4
Invok: Sacrifice Nimblen |       |       |     1 |       |       |       |       ||     1
       Power Leap        |       |       |       |     2 |    12 |     2 |       ||    16
       Sacrifice Artific |       |       |       |     1 |       |       |       ||     1
       Sacrifice Arcana  |       |       |       |     1 |       |       |       ||     1
       Apocalypse        |       |       |       |     2 |     3 |     2 |     1 ||     8
       Reject Sacrifices |       |       |       |     1 |       |       |       ||     1
       Sacrifice Purity  |       |       |       |       |     1 |       |       ||     1
       Sacrifice Stealth |       |       |       |       |     1 |       |       ||     1
       Sacrifice Love    |       |       |       |       |     1 |       |       ||     1
  Use: Scroll            |     4 |       |     2 |    21 |    14 |    13 |     1 ||    55
       Potion            |       |     4 |     2 |     1 |     1 |     7 |     3 ||    18
 Stab: Invisible         |       |       |       |     5 |     5 |    15 |     1 ||    26
       Distracted        |       |       |       |     1 |    11 |     9 |     2 ||    23
       Paralysed         |       |       |       |       |    11 |     8 |     5 ||    24
       Petrified         |       |       |       |       |     2 |       |       ||     2
  Eat: Chunk             |     3 |     3 |     9 |    25 |    42 |    21 |     2 ||   105
       Ration            |       |     1 |       |     3 |     1 |     9 |     4 ||    18
Armor: Scale mail        |    26 |    49 |    61 |    31 |       |       |       ||   167
       Plate armour      |       |       |       |   272 |   561 |   425 |    99 ||  1357
Dodge: Dodged            |    14 |    63 |   105 |    98 |   181 |   197 |    25 ||   683
Block: Shield            |    37 |    80 |   133 |   348 |   745 |   647 |       ||  1990
       Large shield      |       |       |       |       |       |     9 |   282 ||   291
